 Dungeon Crawl Stone Soup version 0.22-a0-348-gd16d1391c7 (webtiles) character file.

319 Laan the Conjurer (level 6, -3/48 HPs)
             Began as a Deep Elf Conjurer on Apr 9, 2018.
             Slain by a slave (4 damage)
             ... led by Pikel
             ... on level 4 of the Dungeon.
             The game lasted 00:08:16 (3507 turns).

Laan the Conjurer (Deep Elf Conjurer)               Turns: 3507, Time: 00:08:17

Health: -3/48      AC:  7    Str:  9 (10) XL:     6   Next: 21%
Magic:  16/16      EV: 12    Int: 19 (22) God:
Gold:   154        SH:  0    Dex: 12 (15) Spells: 6/16 levels left

rFire    + . .     SeeInvis .   u - +0 rapier (vamp)
rCold    + . .     Gourm    .   (no shield)
rNeg     . . .     Faith    .   t - +3 leather armour {MR+}
rPois    +         Spirit   .   v - +0 helmet
rElec    +         Reflect  .   (no cloak)
rCorr    +         Harm     .   (no gloves)
MR       +....                  (no boots)
Stlth    ..........             (no amulet)
HPRegen  0.16/turn              (no ring)
MPRegen  0.15/turn              (no ring)

@: berserking, resistant, flying, very slightly contaminated, hasted, very quick
A: no striking features
a: no special abilities


You were on level 4 of the Dungeon.
You were hungry.

You visited 1 branch of the dungeon, and saw 4 of its levels.

You collected 154 gold pieces.

Inventory:

Hand Weapons
 b - a +0 dagger
 u - a +0 vampiric rapier (weapon)
Armour
 a - a +0 robe
 t - a +3 leather armour of magic resistance (worn)
 v - a +0 helmet (worn)
Wands
 e - a wand of random effects (31)
 s - a wand of flame (23)
 y - a wand of paralysis (8)
Scrolls
 f - 5 scrolls of identify {unknown}
 h - a scroll of fear {unknown}
 k - 3 scrolls of teleportation {unknown}
 l - 3 scrolls of magic mapping {unknown}
 n - a scroll of amnesia {unknown}
 o - a scroll of enchant armour {unknown}
 r - a scroll of noise {unknown}
 A - a scroll of enchant weapon {unknown}
Potions
 j - a potion of lignification {unknown}
 m - a potion of degeneration
 q - a potion of resistance
 w - a potion of agility {unknown}
 x - a potion of flight
 z - a potion of curing {unknown}
Comestibles
 c - 4 rations
 p - 4 chunks of flesh


   Skills:
 - Level 2.4 Dodging
 - Level 2.4 Stealth
 + Level 5.5 Spellcasting
 * Level 7.2 Conjurations


You had 6 spell levels left.
You knew the following spells:

 Your Spells              Type           Power        Failure   Level  Hunger
a - Magic Dart            Conj           ####         1%          1    None
b - Searing Ray           Conj           ####..       1%          2    None
c - Iskenderun's Mystic   Conj           ####....     9%          4    ####...
d - Dazzling Spray        Conj/Hex       ###...       11%         3    ##.....


Dungeon Overview and Level Annotations

Branches:
Dungeon (4/15)
 Temple: D:4-7

Altars:
Elyvilon
Gozag
Trog

Annotations:
D:4 Pikel


Message History

There was something very wrong with that liquid.
You feel weakened.
You feel dopey.
You feel clumsy. The slave hits you.
* * * LOW HITPOINT WARNING * * *
The slave closely misses you.
It was a potion of flight.
You feel very buoyant.
You fly up into the air.
The slave hits you.
* * * LOW HITPOINT WARNING * * *
The slave hits you but does no damage.
It was a potion of haste.
You feel yourself speed up. The slave closely misses you.
The slave hits you but does no damage.
It was a potion of berserk rage.
A red film seems to cover your vision as you go berserk!
You feel yourself moving faster!
You feel mighty!
You are too berserk!
You closely miss the slave.
The slave is heavily wounded.
The slave hits you but does no damage. The slave hits you.
You die...

### ######.### .........#
########.#########
##............[p.#
.........#######@#
##.####..# #p# .#.####..#
#.# .......>.#######.#
##.###...........#
.........######..########
..............#..........
.......######.##.########
##.###...........#


You could see 2 slaves.

Vanquished Creatures
  A slave (D:4)
  The ghost of dragonslayer36 the Skirmisher, a weakling HOFi (D:3)
  An orc wizard (D:4)
  Ijyb (D:3)
  An iguana (D:4)
  2 worker ants (D:4)
  Robin (D:3)
  A gnoll (D:1)
  3 adders
  2 oozes
  4 worms
  2 dart slugs
  2 leopard geckos
  2 orcs (D:4)
  3 giant cockroaches
  16 goblins
  10 hobgoblins
  2 jackals (D:3)
  6 kobolds
  A quokka (D:3)
  A ball python (D:1)
  5 bats
  A frilled lizard (D:3)
  5 rats
74 creatures vanquished.

Vanquished Creatures (others)
  A leopard gecko (D:1)
1 creature vanquished.

Grand Total: 75 creatures vanquished

Notes
Turn   | Place    | Note
-------+----------+-------------------------------------------
     0 | D:1      | Laan the Deep Elf Conjurer began the quest for the Orb.
     0 | D:1      | Reached XP level 1. HP: 10/10 MP: 6/6
   280 | D:1      | Reached XP level 2. HP: 15/15 MP: 4/8
   618 | D:1      | Reached skill level 5 in Conjurations
   934 | D:2      | Reached XP level 3. HP: 19/19 MP: 7/10
  1704 | D:2      | Found a bloodstained altar of Trog.
  1793 | D:3      | Noticed dragonslayer36's ghost (weakling HOFi)
  1834 | D:3      | Learned a level 2 spell: Searing Ray
  1947 | D:3      | Found a white marble altar of Elyvilon.
  1963 | D:3      | Reached XP level 4. HP: 24/24 MP: 6/12
  2040 | D:3      | Noticed Ijyb
  2045 | D:3      | Killed Ijyb
  2155 | D:3      | Noticed Robin
  2165 | D:3      | Reached skill level 6 in Conjurations
  2179 | D:3      | Killed Robin
  2370 | D:3      | Reached XP level 5. HP: 19/28 MP: 0/14
  2758 | D:3      | Killed dragonslayer36's ghost
  2758 | D:3      | Reached skill level 5 in Spellcasting
  2848 | D:3      | Found an opulent altar of Gozag.
  3165 | D:4      | Learned a level 4 spell: Iskenderun's Mystic Blast
  3216 | D:4      | Reached skill level 7 in Conjurations
  3225 | D:4      | Learned a level 3 spell: Dazzling Spray
  3244 | D:4      | Reached XP level 6. HP: 32/32 MP: 12/16
  3436 | D:4      | Noticed Pikel
  3436 | D:4      | Noticed a slave
  3436 | D:4      | Noticed a slave
  3437 | D:4      | Noticed a slave
  3459 | D:4      | Killed a slave
  3504 | D:4      | HP: 1/32 [slave[Pikel] (2)]
  3507 | D:4      | Slain by a slave

Vault maps used:
D:1:      shiori_arrival_oz
D:2:      bloody_trog
D:3:      lemuel_coloured_pillars_altar, lemuel_round_altar,
          wad_floor_pattern_untrapped, minmay_door_square, uniq_ijyb, uniq_robin
D:4:      uniq_pikel

Skill      XL: |  1  2  3  4  5 |
---------------+----------------+-----
Conjurations   | 5 6 7 |  7.2
Spellcasting   | 4 5 |  5.5
Dodging        | |  2.4
Stealth        | |  2.4

Action                   |  1- 3 |  4- 6 || total
-------------------------+-------+-------++-------
Melee: Dagger            |     3 |       ||     3
       Rapier            |       |    29 ||    29
 Cast: Magic Dart        |    88 |    75 ||   163
       Searing Ray       |       |    10 ||    10
       Dazzling Spray    |       |     3 ||     3
       Iskenderun's Myst |       |     1 ||     1
  Use: Scroll            |     1 |     1 ||     2
       Potion            |       |     6 ||     6
  Eat: Chunk             |     3 |     2 ||     5
       Ration            |       |     2 ||     2
Armor: Robe              |       |     5 ||     5
       Leather armour    |       |     9 ||     9
Dodge: Dodged            |     7 |    41 ||    48

Table legend:
 A = Spawn XP
 B = Non-spawn XP
 C = Spawn XP percentage of total XP
 D = Spawn monster count
 E = Non-spawn monster count
 F = Spawn count percentage of total count
 G = Total turns spent on level
                    A         B        C        D         E        F      G
               +---------+---------+-------+---------+---------+-------+---------
         Total |       0 |     457 |   0.0 |       0 |      73 |   0.0 |  3507
               +---------+---------+-------+---------+---------+-------+---------
           D:1 |       0 |      37 |   0.0 |       0 |      14 |   0.0 |   913
           D:2 |       0 |      47 |   0.0 |       0 |      14 |   0.0 |   915
           D:3 |       0 |     199 |   0.0 |       0 |      36 |   0.0 |  1177
           D:4 |       0 |     174 |   0.0 |       0 |       9 |   0.0 |   502
               +---------+---------+-------+---------+---------+-------+---------
